 Dungeon Crawl Stone Soup version 0.21.0-3-g78d12a8 (webtiles) character file.

10452 nikopol the Cleaver (level 11, -6/101 HPs)
             Began as a Minotaur Berserker on Jan 14, 2018.
             Was a High Priest of Trog.
             Mangled by a cyan ugly thing (15 damage)
             ... on level 11 of the Dungeon.
             The game lasted 00:35:01 (13748 turns).

nikopol the Cleaver (Minotaur Berserker)           Turns: 13748, Time: 00:35:02

Health: -6/101     AC: 13    Str: 22    XL:     11   Next: 36%
Magic:  10/10      EV: 11    Int:  4    God:    Trog [*****.]
Gold:   651        SH:  0    Dex: 13    Spells: 10/10 levels left

rFire    . . .     SeeInvis .   a - +2 hand axe (elec)
rCold    . . .     Gourm    .   (no shield)
rNeg     . . .     Faith    .   x - +0 chain mail
rPois    .         Spirit   .   (helmet restricted)
rElec    .         Reflect  .   (no cloak)
rCorr    +         Harm     .   (no gloves)
MR       .....                  P - +0 pair of boots
Stlth    ..........             (no amulet)
HPRegen  0.26/turn              (no ring)
MPRegen  0.12/turn              M - ring of resist corrosion

@: no status effects
A: retaliatory headbutt, horns 2
a: Berserk, Trog's Hand, Brothers in Arms, Burn Spellbooks, Renounce Religion


You were on level 11 of the Dungeon.
You worshipped Trog.
Trog was extremely pleased with you.
You were not hungry.

You visited 1 branch of the dungeon, and saw 11 of its levels.

You collected 651 gold pieces.

Inventory:

Hand Weapons
 a - a +2 hand axe of electrocution (weapon)
 z - a +0 shortbow
 J - a +2 hand axe of flaming
 K - a +2 flail of protection
Missiles
 g - 126 arrows
Armour
 x - a +0 chain mail (worn)
 P - a +0 pair of boots (worn)
Jewellery
 M - a ring of resist corrosion (right hand)
Wands
 q - a wand of digging (17)
 r - a wand of random effects (23)
 A - a wand of acid (8)
 B - a wand of flame (79)
 I - a wand of paralysis (8)
 L - a wand of polymorph (15)
 O - a wand of clouds (4)
Scrolls
 d - 3 scrolls of identify
 e - 6 scrolls of fear
 h - 3 scrolls of fog
 i - 2 scrolls of remove curse
 k - 3 scrolls of teleportation {unknown}
 l - 4 scrolls of enchant weapon {unknown}
 o - a scroll of blinking {unknown}
 p - a scroll of immolation {unknown}
 y - 3 scrolls of magic mapping {unknown}
 D - 2 scrolls of enchant armour {unknown}
 E - a scroll of brand weapon {unknown}
 T - 3 scrolls of amnesia {unknown}
Potions
 f - 3 potions of agility
 j - 4 potions of curing
 t - 4 potions of flight
 v - 3 potions of cancellation
 w - a potion of ambrosia
 G - 2 potions of resistance
 H - a potion of invisibility
 S - a potion of brilliance
Comestibles
 c - 19 rations


   Skills:
 + Level 10.3 Fighting
 + Level 13.8 Axes
 + Level 1.0 Bows
 + Level 11.0 Armour
 + Level 6.1 Dodging
 + Level 2.9 Stealth


You had 10 spell levels left.
You didn't know any spells.

Dungeon Overview and Level Annotations

Branches:
Dungeon (11/15)            Temple (0/1) D:6            Lair (0/6) D:10
    Orc (0/2) D:9

Altars:
Cheibriados
Dithmenos
Elyvilon
Hepliaklqana
Trog
Vehumet
Wu Jian
Xom
Yredelemnul
Zin

Shops:
D:4 :

Annotations:
D:9 exclusion: statue


Innate Abilities, Weirdness & Mutations

You reflexively headbutt those who attack you in melee.
You have a pair of horns on your head.


Message History

You hit the cyan ugly thing but do no damage.
The cyan ugly thing is severely wounded.
You hit the cyan ugly thing but do no damage.
Your headbutt misses the cyan ugly thing.
The cyan ugly thing is severely wounded.
The cyan ugly thing tail-slaps you.
* * * LOW HITPOINT WARNING * * *
The cyan ugly thing shocks you!
* * * LOW HITPOINT WARNING * * *
You hit the cyan ugly thing.
The cyan ugly thing is almost dead.
The cyan ugly thing tail-slaps you but does no damage.
You hit the cyan ugly thing.
The cyan ugly thing is almost dead.
You hit the cyan ugly thing.
The cyan ugly thing is almost dead.
The cyan ugly thing tail-slaps you.
* * * LOW HITPOINT WARNING * * *
The cyan ugly thing shocks you!
You die...

###########
############
#..........
...........#
+..........
.........>.#
#..........
...........+
#..........
......u....#
#..........
.......@...#
#.........)
...........#
##########'
...........#
#...
#########†##
#.##
##.....#
#####.#
####..#####
#.....#
#....##
###.######
##'#######
#...†.....
#........#
###.........


You could see a cyan ugly thing.

Vanquished Creatures
  3 two-headed ogres
  The ghost of Leibowitz the Spear-Bearer, a novice DsGl (D:7)
  Joseph (D:9)
  A centaur skeleton (D:11)
  A troll (D:9)
  A queen bee (D:8)
  Grinder (D:5)
  2 hippogriffs (D:9)
  A shadow (D:11)
  A vampire (D:11)
  3 yaks (D:10)
  Eustachio (D:4)
  A hungry ghost (D:10)
  Menkaure (D:5)
  2 porcupines (D:10)
  A water moccasin (D:10)
  2 sky beasts (D:10)
  An ice beast (D:10)
  7 orc warriors
  A phantom (D:11)
  6 ogres
  2 centaurs
  A crocodile (D:10)
  2 gnoll sergeants
  3 bullfrogs
  4 scorpions
  22 killer bees
  2 howler monkeys
  4 crimson imps
  A bullfrog zombie (D:9)
  A centaur zombie (D:5)
  6 hounds
  8 orc priests
  2 jellies
  A bullfrog skeleton (D:10)
  7 orc wizards
  A gnoll shaman (D:9)
  5 iguanas
  6 worker ants
  A killer bee zombie (D:8)
  2 hound skeletons
  A mummy (D:7)
  2 worker ant zombies
  20 gnolls
  2 howler monkey skeletons
  10 adders
  3 shadow imps
  2 oozes
  An adder zombie (D:5)
  An adder skeleton (D:6)
  A worm (D:4)
  12 leopard geckos
  42 orcs
  4 giant cockroaches
  2 gnoll zombies (D:5)
  7 goblins
  6 hobgoblins
  15 jackals
  7 quokkas
  A ball python (D:2)
  2 bats (D:1)
  5 frilled lizards
  A jackal skeleton (D:5)
  A jackal zombie (D:5)
  7 kobolds
  A leopard gecko zombie (D:5)
  A quokka skeleton (D:5)
  4 rats
  8 fungi (D:10)
  6 plants (D:10)
295 creatures vanquished.

Vanquished Creatures (others)
  5 dream sheep (D:9)
  6 fungi (D:10)
11 creatures vanquished.

Grand Total: 306 creatures vanquished

Notes
Turn   | Place    | Note
-------+----------+-------------------------------------------
     0 | D:1      | nikopol the Minotaur Berserker began the quest for the Orb.
     0 | D:1      | Reached XP level 1. HP: 19/19 MP: 0/0
   104 | D:1      | Reached XP level 2. HP: 22/27 MP: 1/1
   153 | D:1      | Reached skill level 4 in Axes
  1557 | D:2      | Reached XP level 3. HP: 29/33 MP: 2/2
  2240 | D:3      | Found a shimmering altar of Xom.
  2246 | D:3      | Reached ** piety under Trog
  2643 | D:3      | Found an ornate altar of the Wu Jian Council.
  2708 | D:3      | Reached skill level 5 in Axes
  2708 | D:3      | Reached XP level 4. HP: 28/41 MP: 3/3
  2836 | D:4      | Found a bloodstained altar of Trog.
  2836 | D:4      | Found a hazy altar of Hepliaklqana.
  2839 | D:4      | Found a glowing silver altar of Zin.
  2920 | D:4      | Found Viosypot's Book Emporium.
  2929 | D:4      | Reached skill level 1 in Stealth
  3118 | D:4      | Noticed Eustachio
  3159 | D:4      | Killed Eustachio
  3159 | D:4      | Reached skill level 5 in Fighting
  3159 | D:4      | Reached skill level 6 in Axes
  3159 | D:4      | Reached XP level 5. HP: 21/48 MP: 4/4
  3159 | D:4      | Reached XP level 6. HP: 25/56 MP: 5/5
  3435 | D:3      | Found a shadowy altar of Dithmenos.
  4190 | D:5      | Entered Level 5 of the Dungeon
  4321 | D:5      | Reached skill level 7 in Axes
  4509 | D:5      | Noticed Menkaure
  4517 | D:5      | Killed Menkaure
  4517 | D:5      | Reached XP level 7. HP: 31/62 MP: 6/6
  5203 | D:5      | Reached *** piety under Trog
  5236 | D:5      | Reached skill level 8 in Axes
  5290 | D:4      | Reached XP level 8. HP: 37/71 MP: 7/7
  5692 | D:5      | Noticed Grinder
  5706 | D:5      | Killed Grinder
  5706 | D:5      | Reached skill level 9 in Axes
  5831 | D:5      | Found a shadowy altar of Dithmenos.
  5938 | D:5      | Found a basalt altar of Yredelemnul.
  6372 | D:6      | Found a white marble altar of Elyvilon.
  6792 | D:6      | Reached skill level 5 in Armour
  6794 | D:6      | Reached skill level 10 in Axes
  7107 | D:6      | Found a staircase to the Ecumenical Temple.
  7401 | D:7      | Noticed Leibowitz's ghost (novice DsGl)
  7421 | D:7      | Killed Leibowitz's ghost
  7421 | D:7      | Reached XP level 9. HP: 72/79 MP: 8/8
  7588 | D:7      | Reached **** piety under Trog
  7700 | D:7      | Found a snail-covered altar of Cheibriados.
  8392 | D:8      | Noticed a two-headed ogre
  8399 | D:8      | Reached skill level 11 in Axes
  8401 | D:8      | Killed a two-headed ogre
  8720 | D:8      | Reached skill level 5 in Dodging
  8836 | D:8      | Reached XP level 10. HP: 88/90 MP: 9/9
  8920 | D:8      | Reached skill level 12 in Axes
  9206 | D:8      | Reached ***** piety under Trog
 10504 | D:9      | Noticed a two-headed ogre
 10511 | D:9      | Killed a two-headed ogre
 10552 | D:9      | Found a staircase to the Orcish Mines.
 10583 | D:9      | Noticed Joseph
 10600 | D:9      | Killed Joseph
 10661 | D:9      | Reached skill level 13 in Axes
 10797 | D:9      | Found a radiant altar of Vehumet.
 10867 | D:9      | Found a shimmering altar of Xom.
 11439 | D:10     | Entered Level 10 of the Dungeon
 11668 | D:10     | Reached skill level 10 in Armour
 11698 | D:10     | Reached XP level 11. HP: 67/99 MP: 10/10
 12226 | D:10     | Found a staircase to the Lair.
 12359 | D:10     | Reached skill level 10 in Fighting
 12580 | D:10     | Received a gift from Trog
 13106 | D:11     | Noticed a two-headed ogre
 13113 | D:11     | Killed a two-headed ogre
 13559 | D:11     | Reached skill level 1 in Bows
 13721 | D:11     | Noticed a cyan ugly thing
 13748 | D:11     | Mangled by a cyan ugly thing

Skill      XL: |  1  2  3  4  5  6  7  8  9 10 11 |
---------------+----------------------------------+-----
Axes           | 4 5 6 7 8 10 11 13 | 13.8
Fighting       | 4 5 6 7 8 9 10 | 10.3
Stealth        | 1 2 |  2.9
Dodging        | 3 4 5 6 |  6.1
Armour         | 3 6 8 10 11 | 11.0
Bows           | 1 |  1.0

Action                   |  1- 3 |  4- 6 |  7- 9 | 10-12 || total
-------------------------+-------+-------+-------+-------++-------
Melee: Hand axe          |    83 |   110 |     3 |   354 ||   550
       Headbutt          |     9 |    26 |    45 |    81 ||   161
       War axe           |       |       |   253 |    45 ||   298
 Fire: Shortbow          |       |       |       |     9 ||     9
Invok: Berserk           |       |     3 |     4 |     6 ||    13
       Trog's Hand       |       |       |     1 |     1 ||     2
  Use: Scroll            |       |       |       |    15 ||    15
       Potion            |       |       |       |     1 ||     1
 Stab: Sleeping          |     1 |       |       |       ||     1
  Eat: Chunk             |     5 |     5 |    15 |    15 ||    40
       Ration            |       |     1 |     1 |     2 ||     4
Armor: Animal skin       |    20 |     6 |       |       ||    26
       Chain mail        |       |       |   114 |   151 ||   265
Dodge: Dodged            |    42 |    56 |   154 |   167 ||   419
